 Dungeon Crawl Stone Soup version 0.30.0-19-gbf45117a57 (webtiles) character file.

Game seed: 2829411417284703079

396 qw the Chopper (level 6, -1/38 HPs)
             Began as a Gargoyle Fighter on May 25, 2023.
             Was an Initiate of Okawaru.
             Slain by a wight
             ... wielding a +3 spear of freezing
              (3 damage)
             ... on level 4 of the Dungeon.
             The game lasted 00:01:36 (2670 turns).

qw the Chopper (Gargoyle Fighter)                   Turns: 2670, Time: 00:01:36

Health: -1/38      AC: 14    Str: 21      XL:     6   Next: 82%
Magic:  6/6        EV: 12    Int:  7 (9)  God:    Okawaru [......]
Gold:   133        SH:  9    Dex:  9      Spells: 5/5 levels left

rFire   + . .        Y - +0 war axe
rCold   . . .        c - +0 buckler
rNeg    + . .        f - +0 chain mail
rPois   inf          e - +0 helmet
rElec   +            (no cloak)
rCorr   .            (no gloves)
SInv    .            (no boots)
Will    .....        m - amulet of reflection Stlth
                     n - +5 ring of evasion
HPRegen 0.26/turn    p - ring of protection from fire
MPRegen 0.10/turn

%: reflection
@: flying
A: sickness immunity, AC +4, negative energy resistance 1, electricity
resistance, torment resistance 1, petrification resistance, big wings
a: Renounce Religion


You were on level 4 of the Dungeon.
You worshipped Okawaru.
Okawaru was noncommittal.
You visited 1 branch of the dungeon, and saw 4 of its levels.

You collected 133 gold pieces.


Innate Abilities, Weirdness & Mutations

You are immune to sickness and miasma.
Your stone body is resilient. (AC +4)
You are immune to poison.
You resist negative energy. (rN+)
You are resistant to electric shocks. (rElec)
You are resistant to unholy torment.
You are immune to petrification.
Your large and strong wings let you fly.


   Skills:
 - Level 4.3 Fighting
 - Level 6.0 Axes
 - Level 3.2 Armour
 + Level 0.0 Dodging
 - Level 3.2 Shields


You had 5 spell levels left.
You didn't know any spells.
Your spell library was empty.

Inventory:

Hand Weapons
 q - a +3 flail
 Y - a +0 war axe (weapon)
Armour
 c - a +0 buckler (worn)
 e - a +0 helmet (worn)
 f - a +0 chain mail (worn)
Jewellery
 m - an amulet of reflection (around neck)
 n - a +5 ring of evasion (left hand)
 p - a ring of protection from fire (right hand)
Scrolls
 r - a scroll of enchant armour {unknown}
Potions
 a - 3 potions of mutation
 b - 3 potions of lignification {unknown}
 d - a potion of might
 h - a potion of curing
 i - a potion of brilliance {unknown}
 j - 2 potions of invisibility {unknown}
 k - a potion of attraction {unknown}
 l - a potion of heal wounds {unknown}

Dungeon Overview and Level Annotations

Branches:
Dungeon (4/15)
 Temple: D:4-7

Altars:
Elyvilon
Okawaru


Message History

2661 ||| Stepping ~*~*~tactically~*~*~ (stealth).
A wight comes into view. It is wielding a +0 mace.
You throw a boomerang. The boomerang closely misses the wight.
A wight comes into view. It is wielding a +0 hand axe.
You throw a boomerang.
The boomerang hits the wight and shatters for extra damage.
The wight is lightly damaged.
You block the wight's attack. x2
You completely miss the wight.
The wight is lightly damaged.
You block the wight's attack. x2
The wight hits you from afar with a +3 spear of freezing!
The wight freezes you. The wight hits you with a +0 battleaxe!
You block the wight's attack.
You closely miss the wight.
The wight is lightly damaged.
You hit the wight but do no damage. The wight closely misses you.
You block the wight's attack. The wight misses you.
You closely miss the wight.
The wight is lightly damaged.
You closely miss the wight.
The wight closely misses you. x2; The wight barely misses you.
You barely miss the wight.
The wight is lightly damaged.
You barely miss the wight. The wight hits you with a +0 mace!
The wight barely misses you. You block the wight's attack.
You hit the wight.
The wight is moderately damaged.
You hit the wight. You hit the wight but do no damage.
You block the wight's attack. The wight barely misses you.
The wight hits you but does no damage. You block the wight's attack.
You hit the wight but do no damage.
The wight is moderately damaged.
You hit the wight. You closely miss the wight.
The wight hits you but does no damage. x2; You block the wight's attack. x2
The wight hits you from afar with a +3 spear of freezing!
The wight freezes you.
You die...

##.......... .....
#..(........ ....
##.........# ##...
#.........?# .
#....####..........# .z
.........)........#
...##z.####..........#
......zz#)|..........#
.>....z@)............#
.#......=.##.........#
#....#..###...).....#..
#........###.[.........
.....##...#
##..>.<##... .....
#...# ######..... ....
##### .##.. .... ## ..
..


You could see 4 wights.

Vanquished Creatures
  An ogre (D:3)
  A scorpion (D:3)
  A wight (D:4)
  An orc wizard (D:3)
  6 adders
  4 gnolls (D:2)
  3 dart slugs
  10 orcs
  4 bats
  3 endoplasms
  2 giant cockroaches
  15 goblins
  5 hobgoblins
  4 jackals
  4 quokkas
  3 ball pythons
  6 frilled lizards
  3 kobolds
  9 rats
85 creatures vanquished.

Notes
Turn   | Place    | Note
-------+----------+-------------------------------------------
     0 | D:1      | qw the Gargoyle Fighter began the quest for the Orb.
     0 | D:1      | Reached XP level 1. HP: 14/14 MP: 1/1
     0 | D:1      | 0 ||| qw: Version: 0.2-a-98-g5d7165a
     0 | D:1      | 0 ||| qw: Game counter: 80
     0 | D:1      | 0 ||| qw: Always use a shield: true
     0 | D:1      | 0 ||| qw: God list: Okawaru
     0 | D:1      | 0 ||| qw: Allow faded altars: false
     0 | D:1      | 0 ||| qw: Do Orc after D:15 true
     0 | D:1      | 0 ||| qw: Do second Lair branch before Depths: true
     0 | D:1      | 0 ||| qw: Lair rune preference: random
     0 | D:1      | 0 ||| qw: Plans: Normal, Zot:1-4, God:TSO, Crypt, Tomb,
                  | Pan, Slime:5, Hells, Abyss, Win
     0 | D:1      | 0 ||| PLANNING D:1-11
    44 | D:1      | Reached skill level 2 in Axes
   191 | D:1      | Reached XP level 2. HP: 19/19 MP: 2/2
   486 | D:1      | Found a faded altar of an unknown god.
   711 | D:1      | Reached skill level 3 in Axes
   796 | D:1      | 796 ||| UPGRADING to +0 helmet.
   801 | D:1      | 801 ||| READING 2 scrolls labelled GURPHUSHRITAU.
   802 | D:1      | 802 ||| READING scroll labelled WIUDYMABRU.
   803 | D:1      | 803 ||| READING scroll labelled VIW KA ZOEN.
   804 | D:1      | 804 ||| DROPPING scroll of immolation.
   854 | D:2      | 854 ||| STAIRDANCE
   865 | D:1      | Reached XP level 3. HP: 18/23 MP: 3/3
  1028 | D:2      | 1028 ||| Stepping ~*~*~tactically~*~*~ (stealth).
  1031 | D:2      | 1031 ||| Stepping ~*~*~tactically~*~*~ (stealth).
  1118 | D:2      | 1118 ||| Stepping ~*~*~tactically~*~*~ (stealth).
  1127 | D:2      | 1127 ||| DROPPING +0 club.
  1147 | D:2      | Reached XP level 4. HP: 21/28 MP: 4/4
  1149 | D:2      | Reached skill level 4 in Axes
  1223 | D:2      | 1223 ||| DROPPING +0 whip.
  1552 | D:2      | 1552 ||| UPGRADING to +0 chain mail.
  1562 | D:2      | 1562 ||| DROPPING +0 scale mail.
  1563 | D:2      | 1563 ||| UPGRADING to amulet of reflection.
  1568 | D:2      | 1568 ||| UPGRADING to +5 ring of evasion.
  1569 | D:2      | 1569 ||| READING scroll labelled YLUZIRIKI BIERR.
  1670 | D:2      | 1670 ||| DRINKING 2 grey potions.
  1671 | D:2      | 1671 ||| DRINKING 2 murky orange potions.
  1672 | D:2      | 1672 ||| DROPPING potion of degeneration.
  1809 | D:3      | 1809 ||| Stepping ~*~*~tactically~*~*~ (stealth).
  1812 | D:3      | 1812 ||| Stepping ~*~*~tactically~*~*~ (stealth).
  1819 | D:3      | Reached XP level 5. HP: 32/32 MP: 5/5
  1961 | D:3      | Reached skill level 5 in Axes
  2016 | D:3      | Reached XP level 6. HP: 33/38 MP: 6/6
  2108 | D:3      | Found a white marble altar of Elyvilon.
  2412 | D:3      | Found an iron altar of Okawaru.
  2413 | D:3      | 2413 ||| PLANNING OKAWARU WORSHIP
  2413 | D:3      | 2413 ||| READING scroll labelled LUDULE POSINU.
  2414 | D:3      | 2414 ||| READING scroll labelled GIASUR AC APRUO.
  2414 | D:3      | Identified a scroll of acquirement
  2414 | D:3      | 2414 ||| ACQUIRING ring of protection from fire
  2414 | D:3      | Acquired a ring of protection from fire
  2416 | D:3      | 2416 ||| UPGRADING to ring of protection from fire.
  2417 | D:3      | 2417 ||| READING scroll labelled LEQELE ITEO.
  2418 | D:3      | 2418 ||| DRINKING 4 blue potions.
  2418 | D:3      | Gained mutation: Your large and strong wings let you fly.
                  | [potion of mutation]
  2426 | D:3      | Became a worshipper of Warmaster Okawaru
  2426 | D:3      | 2426 ||| PLANNING D:1-11
  2598 | D:4      | 2598 ||| Stepping ~*~*~tactically~*~*~ (stealth).
  2601 | D:4      | 2601 ||| Stepping ~*~*~tactically~*~*~ (hiding).
  2603 | D:4      | 2603 ||| Stepping ~*~*~tactically~*~*~ (hiding).
  2639 | D:4      | 2639 ||| Stepping ~*~*~tactically~*~*~ (stealth).
  2655 | D:4      | Reached skill level 6 in Axes
  2657 | D:4      | 2657 ||| DROPPING +0 flail.
  2659 | D:4      | 2659 ||| Stepping ~*~*~tactically~*~*~ (stealth).
  2661 | D:4      | 2661 ||| Stepping ~*~*~tactically~*~*~ (stealth).
  2668 | D:4      | HP: 9/38 [wight/+0 mace (7)]
  2670 | D:4      | HP: 2/38 [wight/+3 spear of freezing (7)]
  2670 | D:4      | Slain by a wight

Levels and vault maps discovered:
D:1:      noname_arrival_rooms_in_the_neighbourhood, layout_loops_ring,
          dilly_ecumenical_altar_fadedgnrine, minmay_strange_pillars
D:2:      layout_rooms
D:3:      layout_basic, marbit_many_paths, overflow_temple_1_default,
          minmay_ogre_servants
D:4:      layout_rooms, temple_fountains, st_stairs_8

Skill      XL: |  1  2  3  4  5  6 |
---------------+-------------------+-----
Axes           | 2 3 4 5 6 |  6.0
Fighting       | 4 |  4.3
Armour         | |  3.2
Shields        | |  3.2

Action                     |  1- 3 |  4- 6 || total
---------------------------+-------+-------++-------
  Melee: War axe           |   136 |   147 ||   283
  Throw: Boomerang         |       |    19 ||    19
    Use: Scroll            |     3 |     4 ||     7
         Potion            |       |     3 ||     3
 Armour: Scale mail        |    98 |    11 ||   109
         Chain mail        |       |    47 ||    47
  Dodge: Dodged            |    80 |    61 ||   141
  Block: Buckler           |    35 |    68 ||   103

Table legend:
 A = Non-vault XP
 B = Vault XP
 C = Vault XP percentage of total XP
 D = Non-vault monster count
 E = Vault monster count
 F = Vault count percentage of total count
                 A         B        C        D         E       F
            +---------+---------+-------+---------+---------+-------
      Total |     440 |     126 |  22.3 |      75 |      10 |  11.8
            +---------+---------+-------+---------+---------+-------
        D:1 |      48 |       0 |   0.0 |      20 |       0 |   0.0
        D:2 |     102 |       0 |   0.0 |      24 |       0 |   0.0
        D:3 |     196 |     126 |  39.1 |      26 |      10 |  27.8
        D:4 |      94 |       0 |   0.0 |       5 |       0 |   0.0
            +---------+---------+-------+---------+---------+-------
